Map: Abyssal Reef LE

Players

Awers (Hades) - Winner!

  • Race: Terran Terran
  • Spawn Location: 5:00

ShaDoWn

  • Race: Protoss Protoss
  • Spawn Location: 11:00

Event: WCS Jonkoping 2017

VOD

Have the link to the VOD?

Description

Time

  • Played on: June 17, 2017, 11:20 a.m.
  • Length: 23:13

All games in this series

Show
View Real Time Build Order
Export as new Build Order

Awers Terran - Winner!

Build Orders: Cyclone Opening, Mech 

Get SALT Encoding   

  12  0:00  SCV  
  13  0:13  SCV  
  14  0:22  Supply Depot  
  14  0:25  SCV  
  15  0:29  Refinery  
  15  0:43  SCV  
  16  0:50  Barracks  
  16  0:55  SCV  
  17  1:08  SCV  
  18  1:20  SCV, Refinery  
  19  1:32  SCV  
  20  1:38  Reaper  
  21  1:44  Orbital Command  
  21  1:55  Command Center  
  21  2:02  Factory  
  21  2:10  Supply Depot  
  21  2:14  Reaper  
  22  2:17  SCV  
  23  2:32  SCV  
  23  2:35  Refinery  
  24  2:44  SCV  
  25  2:51  Cyclone  
  25  2:53  Barracks  
  25  2:56  SCV  
  27  3:08  Orbital Command, SCV  
  28  3:20  SCV  
  28  3:21  Engineering Bay  
  28  3:24  Cyclone  
  32  3:33  SCV  
  33  3:34  Starport  
  33  3:35  SCV  
  34  3:43  Barracks Reactor  
  34  3:46  SCV  
  34  3:47  Missile Turret  
  35  3:50  SCV  
  35  3:55  Supply Depot  
  36  3:58  SCV  
  36  4:02  Factory Tech Lab  
  37  4:05  SCV  
  37  4:06  Refinery  
  38  4:10  SCV  
  39  4:17  Supply Depot  
  39  4:18  Viking  
  39  4:21  SCV  
  39  4:23  Siege Tank, SCV  
  46  4:24  Missile Turret  
  44  4:33  SCV  
  44  4:37  Marine x2  
  44  4:38  SCV  
  48  4:41  Supply Depot  
  48  4:46  SCV  
  49  4:56  SCV  
  49  4:59  SCV  
  54  5:00  Siege Tank  
  54  5:02  Marine  
  54  5:03  Marine  
  56  5:08  Command Center  
  56  5:14  SCV, Starport Reactor  
  56  5:15  SCV  
  56  5:16  Factory  
  58  5:21  Marine  
  58  5:25  Factory  
  58  5:26  SCV  
  60  5:28  Refinery  
  60  5:29  SCV  
  60  5:38  SCV  
  60  5:41  SCV  
  62  5:43  Siege Tank  
  62  5:45  Supply Depot  
  62  5:49  Liberator, Marine x2  
  67  5:50  SCV  
  67  5:53  SCV  
  67  5:55  Armory  
  69  6:02  SCV  
  70  6:06  SCV, Supply Depot  
  70  6:07  Supply Depot  
  70  6:09  Hellion, Factory Tech Lab  
  76  6:14  Hellion  
  78  6:19  SCV  
  78  6:20  Siege Tank  
  78  6:22  SCV  
  83  6:28  Siege Tank  
  86  6:33  SCV  
  86  6:39  Orbital Command  
  87  6:40  SCV  
  88  6:48  Hellion x2  
  88  6:49  Terran Vehicle Weapons Level 1  
  88  6:52  SCV  
  88  6:53  Factory  
  93  6:54  Refinery  
  93  6:55  Siege Tank  
  93  7:01  SCV  
  97  7:02  Starport Reactor  
  97  7:05  SCV  
  97  7:06  SCV  
  99  7:08  Refinery  
  99  7:10  Supply Depot x2  
  99  7:13  SCV  
  99  7:15  Supply Depot  
  100  7:17  Siege Tank, Hellion x2, SCV  
  100  7:18  SCV  
  109  7:28  Supply Depot  
  109  7:29  Liberator  
  109  7:30  Liberator, Supply Depot  
  109  7:32  Siege Tank, SCV x2  
  114  7:38  SCV  
  114  7:40  Hellion x4  
  121  7:44  SCV  
  121  7:50  SCV  
  121  7:51  SCV  
  129  7:53  Siege Tank  
  132  8:10  SCV  
  132  8:12  Command Center  
  133  8:15  Siege Tank  
  133  8:18  Starport  
  133  8:19  SCV  
  136  8:20  Starport, Supply Depot x2  
  136  8:22  Hellion  
  138  8:33  Infernal Pre-Igniter  
  126  8:43  Siege Tank  
  126  8:44  Hellion x2  
  126  8:47  Siege Tank, Hellion  
  126  8:48  Hellion  
  138  8:53  Viking  
  138  8:54  Viking  
  138  8:55  SCV, Armory  
  142  8:56  SCV  
  144  9:03  Starport Tech Lab x2  
  144  9:04  SCV  
  145  9:13  SCV  
  146  9:18  Hellion x4, Siege Tank, SCV  
  146  9:23  Raven  
  160  9:25  Viking  
  157  9:45  Raven  
  159  9:47  Hellion x3, Viking  
  159  9:48  Hellion  
  159  9:49  SCV  
  159  9:52  SCV x2  
  164  9:54  Terran Ship Weapons Level 1, Refinery  
  164  9:56  Refinery  
  164  9:59  Hellion  
  162  10:05  Viking  
  161  10:08  Fusion Core  
  161  10:11  Planetary Fortress  
  159  10:22  Raven, Viking  
  163  10:28  Viking  
  163  10:31  Hellion x5  
  163  10:34  Supply Depot  
  173  10:35  Supply Depot  
  173  10:36  Supply Depot  
  167  10:45  Corvid Reactor  
  167  10:46  Viking  
  167  10:47  Hellion, Starport  
  171  10:52  Hellion  
  173  11:02  Viking x2  
  169  11:05  Viking  
  169  11:07  Missile Turret  
  171  11:12  Supply Depot  
  171  11:14  Supply Depot  
  171  11:16  Viking  
  173  11:24  Viking  
  175  11:30  Hellion x2  
  175  11:31  Hellion  
  175  11:32  Raven  
  183  11:33  Missile Turret  
  183  11:44  Siege Tank  
  183  11:45  Hellion x2, Viking  
  183  11:46  Raven  
  188  11:50  Terran Ship Weapons Level 2  
  188  11:51  Terran Vehicle And Ship Armor Level 1  
  188  11:53  Viking  
  188  11:54  Viking  
  190  12:00  Hellion x2  
  190  12:01  Missile Turret  
  196  12:15  Missile Turret, Viking  
  198  12:16  Command Center  
  198  12:20  Viking  
  193  12:37  Raven  
  190  12:49  Raven  
  190  12:50  Viking x2  
  195  12:51  Siege Tank, Hellion x2  
  168  13:14  Viking  
  170  13:20  Raven, Viking  
  170  13:23  Viking  
  176  13:31  SCV x2  
  176  13:32  Viking  
  176  13:33  Starport  
  168  13:44  Viking  
  170  13:50  Medivac  
  172  13:56  Recalibrated Explosives  
  172  13:57  Weapon Refit  
  172  14:00  Hellion, Starport  
  172  14:01  Hellion x2, Starport  
  172  14:02  Raven  
  176  14:03  Raven  
  180  14:15  Viking  
  176  14:18  Viking  
  176  14:20  Widow Mine x3  
  182  14:31  Refinery  
  182  14:40  Terran Vehicle And Ship Armor Level 2, Viking x2  
  182  14:45  Raven  
  169  14:57  Raven  
  169  15:04  Ghost Academy  
  169  15:10  Orbital Command  
  165  15:17  Starport Tech Lab x2  
  165  15:19  Siege Tank, Hellion  
  165  15:20  Hellion x2  
  171  15:26  Refinery  
  171  15:28  Raven  
  167  15:37  Barracks Tech Lab, Raven  
  167  15:39  Raven  
  167  15:40  SCV x2  
  167  15:41  SCV x2  
  175  15:44  Sensor Tower  
  175  15:51  Raven  
  175  15:54  Hellion x3  
  175  15:55  Viking  
  185  16:06  Ghost  
  187  16:15  Raven  
  181  16:22  Starport Tech Lab  
  181  16:32  Terran Ship Weapons Level 3  
  181  16:44  Command Center  
  170  16:49  Raven  
  170  16:57  Raven  
  170  16:58  SCV  
  165  17:10  Ghost  
  166  17:17  Hellion x2  
  166  17:18  Hellion x4  
  166  17:20  SCV x4  
  182  17:32  SCV x3  
  182  17:35  SCV, Missile Turret  
  182  17:36  Battlecruiser  
  192  17:39  Hellion  
  192  17:40  Ghost  
  196  17:58  Battlecruiser  
  171  18:13  Battlecruiser  
  171  18:17  Battlecruiser  
  163  18:30  Battlecruiser  
  161  18:34  Viking  
  161  18:44  Viking  
  161  18:50  Viking x2  
  161  18:54  SCV x3  
  166  18:57  SCV  
  166  19:02  Viking  
  163  19:05  Viking  
  163  19:06  Hellion, SCV  
  163  19:08  SCV x2  
  167  19:10  SCV  
  167  19:15  Viking  
  169  19:17  Viking  
  169  19:19  SCV  
  169  19:20  SCV  
  173  19:28  Widow Mine x5  
  173  19:30  SCV  
  184  19:34  SCV x2  
  186  19:39  Raven x2  
  190  19:47  Refinery  
  182  20:10  Battlecruiser  
  182  20:11  Widow Mine x2  
  190  20:16  Hellion  
  190  20:18  Battlecruiser  
  190  20:19  Viking  
  189  20:43  Raven  
  189  20:45  SCV x3  
  189  20:46  Hellion x3  
  189  20:49  Orbital Command  
  198  21:02  Viking  
  200  21:08  Refinery  
  193  21:29  Viking  
  193  21:30  Hellion  
  193  21:32  Viking  
  185  21:35  Viking  
  179  21:40  Viking  
  179  21:44  Siege Tank, Hellion x2  
  179  21:46  Hellion x2  
  174  21:49  Orbital Command  
  174  21:51  Hellion, SCV x2  
  175  22:06  SCV  
  175  22:12  Raven x2  
  178  22:16  SCV x3  
  183  22:23  Siege Tank, Hellion  
  183  22:28  Hellion x2, Siege Tank  
  183  22:29  Hellion  
  195  22:30  SCV  
  195  22:31  SCV  
Show
View Real Time Build Order
Export as new Build Order

ShaDoWn Protoss 

Build Orders: 1 Gate Expand, Oracle Opening 

Get SALT Encoding   

  12  0:00  Probe (Chrono Boost)  
  13  0:11  Probe (Chrono Boost)  
  14  0:17  Pylon  
  14  0:22  Probe (Chrono Boost)  
  15  0:35  Probe (Chrono Boost)  
  16  0:37  Gateway  
  16  0:46  Probe (Chrono Boost)  
  16  0:47  Assimilator  
  17  0:56  Probe (Chrono Boost)  
  18  1:07  Probe (Chrono Boost)  
  19  1:20  Nexus  
  19  1:29  Cybernetics Core  
  19  1:34  Probe (Chrono Boost)  
  19  1:38  Assimilator  
  20  1:45  Pylon  
  20  1:47  Probe (Chrono Boost)  
  21  1:58  Probe (Chrono Boost)  
  22  2:06  Warp Gate, Adept (Chrono Boost)  
  24  2:09  Probe  
  24  2:28  Probe  
  26  2:30  Probe, Adept (Chrono Boost)  
  26  2:32  Pylon  
  27  2:41  Probe x2  
  28  2:51  Probe  
  28  2:53  Probe  
  30  3:02  Probe  
  30  3:04  Stargate  
  30  3:07  Probe (Chrono Boost)  
  31  3:13  Probe (Chrono Boost)  
  31  3:19  Probe (Chrono Boost)  
  33  3:23  Robotics Facility  
  33  3:26  Probe (Chrono Boost)  
  34  3:30  Probe (Chrono Boost)  
  34  3:37  Probe (Chrono Boost)  
  34  3:40  Probe (Chrono Boost)  
  38  3:47  Probe (Chrono Boost)  
  37  3:49  Oracle (Chrono Boost)  
  37  3:53  Mothership Core  
  42  3:59  Pylon, Probe  
  43  4:08  Gateway  
  43  4:10  Observer  
  43  4:11  Probe (Chrono Boost)  
  43  4:13  Probe (Chrono Boost)  
  43  4:16  Gateway  
  46  4:23  Probe (Chrono Boost)  
  47  4:25  Probe (Chrono Boost)  
  48  4:32  Assimilator  
  48  4:33  Assimilator  
  48  4:34  Probe (Chrono Boost)  
  48  4:35  Probe (Chrono Boost)  
  48  4:36  Immortal (Chrono Boost)  
  54  4:43  Probe (Chrono Boost)  
  55  4:46  Probe  
  55  4:48  Pylon  
  55  4:49  Sentry  
  58  4:53  Probe  
  58  4:58  Probe  
  60  5:00  Pylon  
  60  5:01  Twilight Council  
  60  5:05  Probe  
  61  5:08  Pylon  
  61  5:17  Immortal (Chrono Boost)  
  65  5:27  Stalker, Nexus  
  64  5:43  Charge (Chrono Boost)  
  64  5:47  Immortal  
  64  5:54  Gateway  
  68  5:57  Gateway  
  68  5:58  Gateway x2  
  68  6:02  Probe x2  
  70  6:08  Zealot  
  70  6:09  Pylon  
  72  6:17  Probe  
  73  6:19  Probe  
  73  6:23  Warp Prism  
  73  6:25  Zealot x2  
  76  6:29  Probe  
  76  6:31  Probe  
  82  6:37  Probe  
  83  6:41  Probe (Chrono Boost)  
  83  6:43  Probe (Chrono Boost)  
  85  6:49  Probe (Chrono Boost)  
  85  6:53  Probe (Chrono Boost)  
  87  6:55  Probe (Chrono Boost)  
  87  6:57  Forge  
  87  6:59  Zealot x3, Pylon  
  87  7:00  Probe (Chrono Boost)  
  95  7:04  Probe (Chrono Boost)  
  95  7:05  Probe (Chrono Boost)  
  97  7:10  Assimilator  
  97  7:11  Probe (Chrono Boost)  
  98  7:18  Probe (Chrono Boost)  
  98  7:19  Probe (Chrono Boost)  
  98  7:20  Observer, Nexus  
  101  7:26  Probe (Chrono Boost)  
  101  7:28  Assimilator  
  101  7:29  Pylon  
  101  7:33  Stalker x4  
  101  7:35  Probe (Chrono Boost)  
  108  7:41  Probe x2 (Chrono Boost)  
  107  7:52  Photon Cannon, Protoss Ground Weapons Level 1 (Chrono Boost)  
  107  7:56  Probe  
  107  7:57  Probe  
  109  7:59  Probe  
  110  8:07  Probe  
  110  8:10  Probe  
  112  8:12  Zealot  
  112  8:13  Zealot  
  112  8:18  Stargate  
  112  8:19  Pylon  
  116  8:20  Pylon  
  116  8:23  Pylon  
  116  8:26  Probe x2  
  115  8:31  Probe  
  115  8:37  Warp Prism  
  115  8:40  Probe  
  115  8:41  Probe  
  116  8:42  Probe  
  116  8:43  Probe  
  116  8:46  Photon Cannon  
  116  8:48  Photon Cannon  
  113  8:50  Probe  
  113  8:53  Probe x3  
  117  9:01  Probe  
  118  9:05  Probe  
  118  9:06  Oracle (Chrono Boost)  
  122  9:11  Fleet Beacon  
  122  9:13  Immortal, Stargate  
  122  9:14  Stargate  
  126  9:20  Protoss Air Weapons Level 1 (Chrono Boost)  
  126  9:22  Stargate  
  126  9:23  Stargate  
  126  9:29  Zealot x5  
  126  9:30  Zealot  
  136  9:35  Nexus  
  129  9:39  Stalker  
  129  9:42  Void Ray (Chrono Boost)  
  134  9:49  Probe  
  133  10:09  Tempest (Chrono Boost)  
  133  10:12  Tempest (Chrono Boost)  
  151  10:14  Tempest (Chrono Boost)  
  151  10:15  Pylon  
  151  10:16  Pylon  
  151  10:25  Pylon  
  151  10:27  Pylon  
  151  10:30  Tempest x2 (Chrono Boost)  
  163  10:35  Pylon  
  163  10:36  Pylon  
  163  10:52  Zealot x2  
  163  10:54  Tempest (Chrono Boost)  
  163  10:55  Pylon  
  163  10:59  Tempest x2, Templar Archives  
  163  11:00  Probe  
  163  11:01  Probe x2  
  163  11:02  Probe x2  
  182  11:04  Tempest x2  
  194  11:13  Probe x2  
  194  11:15  Observer  
  196  11:21  Probe  
  196  11:23  Probe  
  196  11:24  Probe  
  196  11:25  Probe, Photon Cannon  
  200  11:27  Photon Cannon  
  200  11:34  Psionic Storm  
  197  11:43  Blink  
  197  11:47  High Templar x3  
  187  11:59  Pylon  
  187  12:01  Pylon  
  187  12:04  Tempest  
  187  12:15  Photon Cannon x2  
  192  12:16  Photon Cannon  
  192  12:20  Photon Cannon, Tempest  
  198  12:25  Pylon  
  198  12:29  Nexus  
  198  12:30  Pylon  
  198  12:32  Protoss Air Weapons Level 2  
  197  12:39  Oracle  
  200  12:46  Assimilator  
  196  13:02  High Templar x2  
  197  13:11  Oracle  
  189  13:18  Probe x3  
  193  13:20  Probe x2, Assimilator  
  193  13:21  Assimilator  
  193  13:24  Assimilator  
  193  13:25  Assimilator  
  194  13:28  Probe  
  194  13:30  Pylon, Probe x2  
  194  13:32  Probe  
  192  13:34  Pylon  
  192  13:39  Probe, Carrier  
  192  13:40  High Templar  
  189  13:43  Probe  
  189  13:44  Pylon  
  189  13:46  Pylon  
  189  13:47  Pylon  
  187  13:50  Carrier  
  175  14:00  Carrier  
  175  14:01  Probe x3  
  181  14:05  Probe  
  180  14:13  Probe, Nexus  
  180  14:16  Carrier  
  185  14:22  Probe  
  185  14:23  Probe x2  
  187  14:25  Photon Cannon, Probe  
  187  14:27  Photon Cannon  
  187  14:30  Graviton Catapult  
  183  14:34  Oracle  
  186  14:50  Archon  
  186  14:51  Archon  
  186  14:52  Stalker x4  
  180  14:53  Stalker x3  
  187  15:00  Assimilator  
  187  15:04  Assimilator  
  185  15:07  Pylon  
  185  15:08  Pylon x2  
  185  15:10  Pylon  
  185  15:11  Pylon  
  181  15:14  Carrier  
  181  15:24  Carrier  
  181  15:25  Probe, Carrier  
  181  15:27  Oracle  
  196  15:38  Photon Cannon  
  196  15:41  Photon Cannon  
  196  15:43  Photon Cannon  
  196  15:48  High Templar x2  
  200  15:54  High Templar  
  196  16:01  High Templar  
  196  16:05  Probe  
  196  16:06  Probe x4  
  190  16:12  Protoss Air Weapons Level 3  
  190  16:17  Carrier  
  194  16:18  Probe x2  
  196  16:26  Zealot, Photon Cannon  
  196  16:27  Zealot  
  194  16:44  Carrier  
  178  17:04  Carrier  
  184  17:10  High Templar x2  
  184  17:19  Probe x2  
  189  17:29  High Templar x2  
  190  17:32  Nexus, High Templar  
  192  17:40  High Templar  
  192  17:41  Archon  
  180  18:02  Carrier  
  140  18:14  Carrier  
  104  18:35  Zealot x3  
  104  18:36  Zealot x4  
  104  18:39  Carrier  
  124  19:02  High Templar x3  
  126  19:03  High Templar  
  126  19:05  Zealot x3  
  126  19:08  Archon  
  126  19:09  Archon  
  135  19:11  Immortal  
  139  19:22  Pylon  
  139  19:30  Stalker x2  
  139  19:31  Stalker  
  145  19:39  Stalker x4  
  153  19:50  Warp Prism  
  141  20:00  Stalker x3  
  141  20:02  Stalker x3  
  142  20:27  Stalker x3  
  142  20:28  Stalker x3  
  140  20:44  Probe x3  
  140  20:45  Probe x3  
  146  20:55  Zealot x4  
  148  20:57  Probe  
  148  21:01  High Templar x2  
  153  21:27  Tempest  
  125  21:42  Probe  
  125  21:43  Probe x3  
  125  21:44  Probe x2  
  115  21:53  Probe x3  
  115  21:54  Zealot x6  
  115  21:55  Zealot  
  115  21:56  Probe x3  
  131  22:03  Probe  
  131  22:04  Probe x2  
  132  22:15  Assimilator  
  126  22:16  Stalker x3  
  126  22:17  Stalker x3  
  130  22:25  Immortal  
  134  22:41  Stalker x2  
  134  22:42  Zealot, Stalker x3  
  146  22:50  Zealot  
Tags
 
Add a new tag
Caveats
  • Supply blocks, unpowered buildings, or Contaminate may cause inaccurate times.
  • Supply counts are checked every 10 seconds.